 Dungeon Crawl Stone Soup version 0.29-a0-214-g17f627cfee (webtiles) character file.

Game seed: 1853312719115236890

331 enile the Ducker (level 6, 0/51 HPs)
             Began as a Merfolk Gladiator on Feb 25, 2022.
             Succumbed to a water moccasin's poison
             ... on level 5 of the Dungeon.
             The game lasted 00:07:32 (4818 turns).

enile the Ducker (Merfolk Gladiator)                Turns: 4818, Time: 00:07:32

Health: 0/51       AC:  7    Str: 13 (14) XL:     6   Next: 51%
Magic:  6/6        EV: 14    Int:  6 (9)  God:
Gold:   193        SH:  0    Dex: 14 (16) Spells: 5/5 levels left

rFire   . . .      SeeInvis +   a - +0 long sword
rCold   . . .      Faith    .   h - orb {mayhem}
rNeg    . . .      Spirit   .   b - +0 leather armour
rPois   .          Reflect  .   t - +2 helmet {SInv}
rElec   .          Harm     .   s - +0 cloak {rCorr}
rCorr   +          Rampage  .   (no gloves)
Will    .....                   (no boots)
Stlth   ++........              (no amulet)
HPRegen 0.17/turn               (no ring)
MPRegen 0.10/turn               (no ring)

@: lethally poisoned (0 -> -5), attractive
A: (nimble swimmer 2), mertail
a: no special abilities


You were on level 5 of the Dungeon.
You visited 1 branch of the dungeon, and saw 5 of its levels.

You collected 193 gold pieces.

Inventory:

Hand Weapons
 a - a +0 long sword (weapon)
Missiles
 d - 3 throwing nets (quivered)
 p - 7 poisoned darts
Armour
 b - a +0 leather armour (worn)
 c - a +0 helmet
 h - an orb of mayhem (worn)
 s - a +0 cloak of preservation (worn)
 t - a +2 helmet of see invisible (worn)
 y - a +0 kite shield
Magical Staves
 m - a staff of death
Jewellery
 x - a +4 ring of evasion
Wands
 j - a wand of paralysis (5)
Scrolls
 e - 3 scrolls of identify
 f - 2 scrolls of blinking
 g - a scroll of teleportation
 k - a scroll of silence
 n - 2 scrolls of noise
 o - a scroll of magic mapping
 u - a scroll of amnesia {unknown}
 z - a scroll of acquirement {unknown}
Potions
 i - a potion of mutation
 l - a potion of degeneration
 q - a potion of cancellation {unknown}
 r - a potion of attraction
 v - a potion of flight {unknown}
 w - a potion of curing {unknown}


   Skills:
 - Level 5.0 Fighting
 - Level 4.0 Long Blades
 - Level 2.0 Throwing
 + Level 6.4 Dodging
 - Level 3.0 Stealth


You had 5 spell levels left.
You didn't know any spells.
Your spell library contained the following spells:

 Spells                   Type           Power      Damage    Failure   Level
 Pain                     Necr           0%         1d4       54%         1
 Sandblast                Erth           0%         2d4       54%         1
 Summon Small Mammal      Summ           0%         N/A       54%         1
 Ensorcelled Hibernation  Hex/Ice        0%         N/A       67%         2
 Passwall                 Tmut/Erth      0%         N/A       67%         2
 Scorch                   Fire           0%         2d5       67%         2
 Call Canine Familiar     Summ           0%         N/A       88%         3
 Stone Arrow              Conj/Erth      0%         3d7       88%         3
 Summon Guardian Golem    Hex/Summ       0%         N/A       88%         3
 Swiftness                Air            0%         N/A       88%         3
 Flame Wave               Conj/Fire      0%         2d4       99%         4
 Agony                    Necr           0%         N/A       100%        5
 Excruciating Wounds      Necr           0%         N/A       100%        5
 Summon Cactus Giant      Summ           0%         N/A       100%        6


Dungeon Overview and Level Annotations

Branches:
Dungeon (5/15)
 Temple: D:4-7

Altars:

Shops:
D:2 (

Annotations:
D:3 3 runed translucent doors, Squidsdaddy's ghost, amateur HuCj


Innate Abilities, Weirdness & Mutations

((You are very nimble when in or above water. (Stealth+, EV+, Speed+++)))
Your lower body shifts to a powerful aquatic tail in water.


Message History

You start resting.
You feel sick. x4
You are no longer poisoned.
You start resting.
A water moccasin is nearby!
The water moccasin hisses angrily.
Aiming: Paralyse
Press: ? - help, Q - select action, (/) - cycle Shift-Dir - straight line, f - water moccasin
Aim: a water moccasin (chance to affect: 49%)
The water moccasin resists with some effort.
The water moccasin completely misses you.
Aiming: Paralyse
Press: ? - help, Q - select action, (/) - cycle Shift-Dir - straight line, f/p - water moccasin
Aim: a water moccasin (chance to affect: 49%)
The water moccasin resists with some effort.
The water moccasin bites you.
* * * LOW HITPOINT WARNING * * *
You are poisoned.
The water moccasin poisons you!
Aiming: Paralyse
Press: ? - help, Q - select action, (/) - cycle Shift-Dir - straight line, f/p - water moccasin
Aim: a water moccasin (chance to affect: 49%)
The water moccasin resists with some effort.
You feel very sick. The water moccasin closely misses you.
Throw: 4 throwing nets
Press: ? - help, Q - select action, (/) - cycle Shift-Dir - straight line, f/p - water moccasin
Aim: a water moccasin (46% to hit)
You throw a throwing net.
The throwing net misses the water moccasin.
You feel sick. The water moccasin closely misses you.
The water moccasin bites you!
* * * LOW HITPOINT WARNING * * *
It was a potion of attraction.
You feel attractive to monsters.
* * * LOW HITPOINT WARNING * * *
You feel sick. The water moccasin closely misses you.
It was a potion of degeneration.
There was something very wrong with that liquid.
You feel weakened.
You feel dopey.
You feel clumsy.
You die...

≈≈≈≈≈≈
≈≈≈≈≈≈
≈≈≈≈≈≈
≈≈≈≈≈≈
≈≈≈≈≈≈ ##
≈≈≈≈≈≈ #.
≈≈≈≈≈≈
#.####
≈≈≈≈≈≈
#.@S(# ≈≈≈≈≈
#.##.# ≈P≈P
#. #......≈≈
#. .......≈♣
#?##.......♣
#. #.##....≈
.. #.# #.#..
.. ..# .? .
... ..


You could see a water moccasin.

Vanquished Creatures
  A water moccasin skeleton (D:4)
  A centaur skeleton (D:4)
  An orc priest (D:3)
  An orc wizard (D:4)
  Robin (D:3)
  4 adders
  4 gnolls
  An adder skeleton (D:5)
  An adder zombie (D:5)
  A worm (D:3)
  2 dart slugs
  5 orcs
  6 ball pythons
  6 bats
  3 endoplasms
  4 giant cockroaches
  10 hobgoblins
  7 kobolds
  7 quokkas
  2 frilled lizards
  13 goblins
  9 rats
90 creatures vanquished.

Vanquished Creatures (collateral kills)
  2 goblins (D:3)
  A hobgoblin (D:3)
3 creatures vanquished.

Vanquished Creatures (others)
  An orc (D:3)
  2 goblins (D:3)
  2 hobgoblins (D:3)
  6 plants (D:5)
11 creatures vanquished.

Grand Total: 104 creatures vanquished

Notes
Turn   | Place    | Note
-------+----------+-------------------------------------------
     0 | D:1      | enile the Merfolk Gladiator began the quest for the Orb.
     0 | D:1      | Reached XP level 1. HP: 16/16 MP: 1/1
   188 | D:1      | Reached XP level 2. HP: 24/24 MP: 2/2
   644 | D:1      | Reached XP level 3. HP: 30/30 MP: 3/3
  1041 | D:2      | Found Tilos's Weapon Emporium.
  1328 | D:2      | Reached XP level 4. HP: 38/38 MP: 4/4
  1799 | D:2      | Reached skill level 5 in Fighting
  2167 | D:3      | Reached skill level 1 in Stealth
  2436 | D:3      | Reached XP level 5. HP: 43/44 MP: 5/5
  2492 | D:3      | Found a runed translucent gate.
  2492 | D:3      | Found a runed translucent gate.
  2492 | D:3      | Noticed Squidsdaddy's ghost (amateur HuCj)
  2495 | D:3      | Found a runed translucent gate.
  2800 | D:3      | Noticed Robin
  2901 | D:3      | Killed Robin
  3544 | D:4      | Reached skill level 5 in Dodging
  3544 | D:4      | Reached XP level 6. HP: 49/51 MP: 6/6
  4244 | D:4      | Reached skill level 6 in Dodging
  4441 | D:5      | Entered Level 5 of the Dungeon
  4739 | D:5      | Noticed a water moccasin
  4816 | D:5      | HP: 1/51 [water moccasin (8)]
  4818 | D:5      | Succumbed to a water moccasin's poison

Illustrated notes

Levels and vault maps discovered:
D:1:      dpeg_arrival_boxorama, layout_basic
D:2:      layout_basic, serial_shops, nicolae_shop_hallway_plus,
          minmay_joined_circles
D:3:      layout_loops_ring, gammafunk_ghost_split, minivault_4,
          amcnicky_mini_pool_small, hangedman_decor_peaks_small, uniq_robin
D:4:      layout_cave_pods
D:5:      layout_loops_cross, gammafunk_ghost_hive, serial_bayou_lake_a,
          uniq_menkaure

Skill      XL: |  1  2  3  4  5  6 |
---------------+-------------------+-----
Fighting       | 3 4 5 |  5.0
Long Blades    | 4 |  4.0
Stealth        | 1 3 |  3.0
Dodging        | 5 6 |  6.4
Throwing       | |  2.0

Action                   |  1- 3 |  4- 6 || total
-------------------------+-------+-------++-------
Melee: Long sword        |   117 |   176 ||   293
       Punch             |     2 |       ||     2
       Tailslap          |       |     1 ||     1
Throw: Throwing net      |     1 |     9 ||    10
Evoke: Wand              |       |     3 ||     3
  Use: Scroll            |     2 |     5 ||     7
       Potion            |       |     2 ||     2
 Stab: Sleeping          |     1 |     4 ||     5
       Held in net/web   |       |     2 ||     2
Armor: Leather armour    |    24 |    60 ||    84
Dodge: Dodged            |    91 |   143 ||   234

Table legend: (Time is in decaauts)
 A = Elapsed time spent in this place.
 B = Non-inter-level travel time spent in this place.
 C = Inter-level travel time spent in this place.
 D = Time resting spent in this place.
 E = Time spent auto-exploring this place.
 F = Levels seen in this place.
 G = Mean time per level.
                   A        B        C        D        E       F      G
               +--------+--------+--------+--------+--------+-----+--------+
         Total |   4872 |   4542 |    330 |    615 |   3061 |   5 |  974.4 |
       Dungeon |   4872 |   4542 |    330 |    615 |   3061 |   5 |  974.4 |
               +--------+--------+--------+--------+--------+-----+--------+

Top non-repeatable levels by time:
     D:2: 1470 daAuts
     D:4: 1179 daAuts
     D:3: 1085 daAuts
     D:1: 960 daAuts
     D:5: 175 daAuts
